 Dungeon Crawl Stone Soup version 0.29-a0-322-g68df515428 (webtiles) character file.

Game seed: 16067302969067943343

67 EriolAelfwine the Covered (level 3, -4/34 HPs)
             Began as a Deep Dwarf Fighter on Apr 6, 2022.
             Killed by nerve-wracking pain
             ... invoked by an orc priest
              (6 damage)
             ... on level 3 of the Dungeon.
             The game lasted 00:03:28 (1540 turns).

EriolAelfwine the Covered (Deep Dwarf Fighter)      Turns: 1540, Time: 00:03:29

Health: -4/34      AC:  7    Str: 21    XL:     3   Next: 98%
Magic:  2/2        EV:  9    Int:  8    God:
Gold:   131        SH:  4    Dex: 12    Spells: 2/2 levels left

rFire   . . .      SeeInvis .   a - +0 war axe
rCold   . . .      Faith    .   c - +0 buckler
rNeg    . . .      Spirit   .   b - +0 scale mail
rPois   .          Reflect  .   (no helmet)
rElec   .          Harm     .   (no cloak)
rCorr   .          Rampage  .   (no gloves)
Will    .....                   (no boots)
Stlth   ..........              (no amulet)
HPRegen 0.00/turn               (no ring)
MPRegen 0.08/turn               (no ring)

@: no status effects
A: damage resistance, heal wounds, sense surroundings 1, no regeneration
a: Heal Wounds


You were on level 3 of the Dungeon.
You visited 1 branch of the dungeon, and saw 3 of its levels.

You collected 131 gold pieces.

Inventory:

Hand Weapons
 a - a +0 war axe (weapon)
 j - a +0 flail
Armour
 b - a +0 scale mail (worn)
 c - a +0 buckler (worn)
Jewellery
 n - a ring of magical power
Scrolls
 f - 2 scrolls of identify {unknown}
 i - a scroll of fog {unknown}
 k - 3 scrolls of teleportation {unknown}
 m - a scroll of vulnerability {unknown}
 o - a scroll of acquirement {unknown}
 p - a scroll of immolation {unknown}
 s - a scroll of summoning {unknown}
Potions
 d - a potion of might
 e - a potion of degeneration {unknown}
 g - 2 potions of lignification {unknown}
 h - a potion of brilliance {unknown}
 l - a potion of mutation {unknown}
 q - a potion of heal wounds {unknown}
 r - 2 potions of curing {unknown}


   Skills:
 + Level 3.1 Fighting
 * Level 3.4 Axes
 + Level 3.8 Armour
 + Level 3.8 Shields


You had 2 spell levels left.
You didn't know any spells.
Your spell library contained the following spells:

 Spells                   Type           Power      Damage    Failure   Level
 Sting                    Tmut/Pois      0%         1d3       83%         1
 Poisonous Vapours        Pois/Air       0%         N/A       92%         2
 Frozen Ramparts          Ice            0%         1d2       99%         3
 Gell's Gravitas          Tloc           0%         N/A       99%         3
 Lesser Beckoning         Tloc           0%         N/A       99%         3
 Teleport Other           Tloc           0%         N/A       99%         3
 Tukima's Dance           Hex            0%         N/A       99%         3
 Ice Form                 Ice/Tmut       0%         N/A       100%        4
 Olgreb's Toxic Radiance  Pois           0%         N/A       100%        4
 Passage of Golubria      Tloc           0%         N/A       100%        4
 Summon Ice Beast         Ice/Summ       0%         N/A       100%        4
 Yara's Violent Unravell  Hex/Tmut       0%         3d3       100%        5


Dungeon Overview and Level Annotations

Branches:
Dungeon (3/15)

Altars:
Sif Muna


Innate Abilities, Weirdness & Mutations

You are resistant to damage.
You can heal yourself by infusing magical energy.
You passively map a small area around you.
You do not regenerate.


Message History

The giant cockroach bites you but does no damage.
You closely miss the giant cockroach. The giant cockroach closely misses you.
You hit the giant cockroach.
You kill the giant cockroach!
You block the orc's attack.
You closely miss the orc. The orc closely misses you.
You slash the orc!
You kill the orc!
You closely miss the rat. The rat bites you but does no damage.
The rat bites you.
You slash the rat!
You kill the rat!
The orc priest miscasts a cantrip.
You barely miss something. Something hits you but does no damage.
The orc priest calls down the wrath of Beogh upon you.
Something writhes in agony!
You barely miss something. Something hits you.
* * * LOW HITPOINT WARNING * * *
Something hits you but does no damage.
The orc priest looks satisfied for a moment.
You closely miss something.
You hear some strange, mumbled words.
Something tries to affect you, but you resist.
You miss something.
The orc priest looks encouraged for a moment.
Something hits you.
You closely miss something. Something hits you.
Something hits you but does no damage.
You miss something.
You hear some strange, mumbled words.
A magic dart appears from out of thin air!
The magic dart hits you but does no damage.
You miss something. Something hits you but does no damage.
You slash something!
Reactivating autopickup.
You feel a bit more experienced.
The orc priest looks braver for a moment.
The orc priest invokes the aid of Beogh against you.
Pain shoots through your body!
You die...

* #....# #..# #.####
##########..# * *, * #.#
#......o....# ..#####.#
#.#########.# ........#
#.# #.# #######.# #<#
#.# ...# #.# #.#
##.#.#.######.# #.#
#.......o)@.#.# #.# *
##.#.#.####.#.# #.# ,
.... #.#.# ######.## *
.....,*##.#.####<......#
#...r..
*#.#.......#####.#
......., ##.#.####.#
#<##
.........##.#.####.#
#.>.
.................#.#
#.##
...#####.##.#.#####.#


You could see an orc priest.

Vanquished Creatures
  An orc wizard (D:3)
  2 adders
  2 worms (D:2)
  2 orcs (D:3)
  3 ball pythons
  8 bats
  5 endoplasms
  2 giant cockroaches
  3 hobgoblins
  2 quokkas (D:2)
  A frilled lizard (D:2)
  2 goblins (D:1)
  5 kobolds
  2 rats (D:3)
40 creatures vanquished.

Vanquished Creatures (others)
  A plant (D:2)
  8 toadstools (D:3)
9 creatures vanquished.

Grand Total: 49 creatures vanquished

Notes
Turn   | Place    | Note
-------+----------+-------------------------------------------
     0 | D:1      | EriolAelfwine the Deep Dwarf Fighter began the quest for
                  | the Orb.
     0 | D:1      | Reached XP level 1. HP: 20/20 MP: 1/1
   179 | D:1      | Reached XP level 2. HP: 16/27 MP: 2/2
   788 | D:2      | Reached XP level 3. HP: 24/33 MP: 3/3
  1109 | D:2      | Found a faded altar of an unknown god.
  1258 | D:3      | Found a shimmering blue altar of Sif Muna.
  1375 | D:3      | Noticed a sky beast
  1540 | D:3      | Killed from afar by an orc priest

Illustrated notes

Levels and vault maps discovered:
D:1:      giann_wishing_wells, layout_basic
D:2:      layout_rooms, shapermc_ecumenical_altar_mp_ritualfount,
          mrwooster_statue_mirror, st_stairs_3, minmay_diced_spiral
D:3:      cheibrodos_fertilizer, layout_loops_ring, mainiacjoe_overflow_catwalk,
          nicolae_sif_muna_condensation

Skill      XL: |  1  2  3 |
---------------+----------+-----
Axes           | 3 |  3.4
Fighting       | 3 |  3.1
Armour         | |  3.8
Shields        | |  3.8

Action                   || total
-------------------------++-------
Melee: War axe           ||   150
 Abil: Heal Wounds       ||     3
Armor: Scale mail        ||    85
Dodge: Dodged            ||    88
Block: Buckler           ||    33

Table legend: (Time is in decaauts)
 A = Elapsed time spent in this place.
 B = Non-inter-level travel time spent in this place.
 C = Inter-level travel time spent in this place.
 D = Time resting spent in this place.
 E = Time spent auto-exploring this place.
 F = Levels seen in this place.
 G = Mean time per level.
                   A        B        C        D        E       F      G
               +--------+--------+--------+--------+--------+-----+--------+
         Total |   1598 |   1495 |    103 |      0 |   1044 |   3 |  532.7 |
       Dungeon |   1598 |   1495 |    103 |      0 |   1044 |   3 |  532.7 |
               +--------+--------+--------+--------+--------+-----+--------+

Top non-repeatable levels by time:
     D:1: 655 daAuts
     D:2: 566 daAuts
     D:3: 376 daAuts
